 Dungeon Crawl Stone Soup version 0.30-a0-335-ge5acde7520 (webtiles) character file.

Game seed: 9000127504488366114

366 McGhostyFace the Magician (level 6, -1/47 HPs)
             Began as a Gnoll Wanderer on Oct 31, 2022.
             Slain by Natasha (8 damage)
             ... on level 4 of the Dungeon.
             The game lasted 00:06:30 (2202 turns).

McGhostyFace the Magician (Gnoll Wanderer)          Turns: 2202, Time: 00:06:31

Health: -1/47      AC:  4    Str: 21    XL:     6   Next: 68%
Magic:  16/16      EV: 12    Int: 11    God:
Gold:   112        SH:  0    Dex: 10    Spells: 18/20 levels left

rFire   . . .      SeeInvis .    f - +1 short sword (venom)
rCold   . . .      Faith    .    (no shield)
rNeg    + . .      Spirit   .    d - +1 leather armour
rPois   .          Reflect  .    (no helmet)
rElec   .          Harm     .    (no cloak)
rCorr   .          Rampage  .    (no gloves)
Will    .....                    (no boots)
Stlth   ++........               (no amulet)
HPRegen 0.27/turn                i - +6 ring of strength
MPRegen 0.15/turn                s - ring of positive energy

@: no status effects
A: fangs 1, strong nose, distributed training
a: no special abilities


You were on level 4 of the Dungeon.
You visited 1 branch of the dungeon, and saw 5 of its levels.

You collected 112 gold pieces.

Inventory:

Hand Weapons
 a - a +0 club
 f - a +1 short sword of venom (weapon)
Armour
 d - a +1 leather armour (worn)
Jewellery
 i - a +6 ring of strength (left hand)
 s - a ring of positive energy (right hand)
 t - the ring of Benevolence {Ice rPois Str+2 Int-4 Dex+3}
   (You found it on level 5 of the Dungeon)

   [ring of ice]

   It enhances your ice magic.
   Str:       It affects your strength (+2).
   Int:       It affects your intelligence (-4).
   Dex:       It affects your dexterity (+3).
   rF:        It makes you vulnerable to fire.
   rC:        It protects you from cold.
   rPois:     It protects you from poison.
Scrolls
 b - 3 scrolls of teleportation
 h - a scroll of noise
 l - a scroll of enchant armour
Potions
 c - 2 potions of haste
 e - 2 potions of curing
 k - a potion of invisibility
 m - a potion of might {unknown}
 n - a potion of brilliance {unknown}
 o - a potion of resistance {unknown}


   Skills:
 + Level 3.4 Fighting
 + Level 2.1 Short Blades
 + Level 2.1 Long Blades
 + Level 2.1 Axes
 + Level 2.1 Maces & Flails
 + Level 2.1 Polearms
 + Level 2.1 Staves
 + Level 2.1 Ranged Weapons
 + Level 2.1 Throwing
 + Level 2.1 Armour
 + Level 3.4 Dodging
 + Level 2.1 Stealth
 + Level 2.1 Shields
 + Level 5.1 Unarmed Combat
 + Level 7.5 Spellcasting
 + Level 1.7 Conjurations
 + Level 1.7 Hexes
 + Level 1.7 Summonings
 + Level 1.7 Necromancy
 + Level 1.7 Translocations
 + Level 1.7 Transmutations
 + Level 1.7 Fire Magic
 + Level 1.7 Ice Magic
 + Level 1.7 Air Magic
 + Level 1.7 Earth Magic
 + Level 1.7 Poison Magic
 + Level 3.5 Invocations
 + Level 3.4 Evocations


You had 18 spell levels left.
You knew the following spells:

 Your Spells              Type           Power      Damage    Failure   Level
a - Call Imp              Summ           7%         N/A       14%         2

Your spell library contained the following spells:

 Spells                   Type           Power      Damage    Failure   Level
 Kiss of Death            Conj/Necr      28%        2d7       10%         1
 Shock                    Conj/Air       28%        1d4       10%         1
 Gell's Gravitas          Tloc           7%         N/A       28%         3
 Malign Gateway           Summ/Tloc      3%         N/A       100%        7
 Summon Horrible Things   Summ           3%         N/A       100%        8


Dungeon Overview and Level Annotations

Branches:
Dungeon (5/15)
 Temple: D:4-7

Altars:

Annotations:
D:4 1 transporter, Natasha


Innate Abilities, Weirdness & Mutations

You have very sharp teeth.
Your uncanny sense of smell can sniff out nearby items.
Your experience applies equally to all skills.


Message History

* * * LOW HITPOINT WARNING * * *
You hit the scorpion but do no damage.
The scorpion is poisoned.
The scorpion stings you.
* * * LOW HITPOINT WARNING * * *
The scorpion closely misses you.
You closely miss the scorpion.
The scorpion is lightly wounded.
The scorpion stings you.
* * * LOW HITPOINT WARNING * * *
You are poisoned.
The scorpion poisons you!
You feel sick.
You feel sick.
The scorpion looks more healthy.
You feel sick. The scorpion attacks as you move away! The scorpion misses you.
You feel sick.
You barely miss the scorpion.
The scorpion is heavily wounded.
You feel sick. The scorpion misses you.
You hit the scorpion.
The scorpion is poisoned.
The scorpion is heavily wounded.
You feel sick.
The scorpion stings you but does no damage. x2
You hit the scorpion but do no damage.
The scorpion looks as sick as possible!
The scorpion is severely wounded.
You feel sick.
You are no longer poisoned.
You kill the scorpion!
You start resting.
Natasha, Servant of Life and Death comes into view.
Natasha is nearby!
Natasha casts a spell.
Found 12 gold pieces.
Natasha casts a spell at you. The magic dart hits you.
* * * LOW HITPOINT WARNING * * *
Blink to where?
Press: ? - help, Dir - move target
As you read the scroll of blinking, it crumbles to dust.
Natasha claws you!
You die...

#.#8P#S~~S #.########
#......... ##.#####.# ##. #†#
#.# ##.. ####### #.# #.# #...
......# #.#####.#
##...####...####.......#####..
..............5h@.....§.....$#
?......>......###############.
..............#
##...#.##...### #...#.##...#
#.. #.###.### #..##.)...... ∆
#.........### ##.##)###.#


You could see Natasha and a crimson imp (summoned, wandering).

Vanquished Creatures
  A water moccasin (D:4)
  A scorpion (D:4)
  An orc priest (D:4)
  Terence (D:3)
  An orc wizard (D:5)
  Natasha (D:4)
  An adder (D:2)
  3 worms (D:2)
  2 dart slugs (D:2)
  6 orcs
  3 endoplasms
  A giant cockroach (D:4)
  4 goblins
  3 hobgoblins
  5 quokkas
  2 ball pythons
  6 bats
  2 frilled lizards (D:1)
  5 kobolds
  3 rats
52 creatures vanquished.

Vanquished Creatures (collateral kills)
  An ufetubus (D:4)
  8 orcs
9 creatures vanquished.

Grand Total: 61 creatures vanquished

Notes
Turn   | Place    | Note
-------+----------+-------------------------------------------
     0 | D:1      | McGhostyFace the Gnoll Wanderer began the quest for the
                  | Orb.
     0 | D:1      | McGhostyFace set off with the following items: a +0 club, a
                  | scroll of teleportation, a potion of haste, a +0 leather
                  | armour, a potion of curing; and the following spells
                  | available to memorise: Kiss of Death, Shock, Call Imp,
                  | Gell's Gravitas.
     0 | D:1      | Reached XP level 1. HP: 17/17 MP: 8/8
   183 | D:1      | Reached XP level 2. HP: 23/23 MP: 10/10
   563 | D:2      | Reached XP level 3. HP: 26/28 MP: 11/11
  1024 | D:2      | Reached skill level 1 in Short Blades
  1024 | D:2      | Reached skill level 1 in Long Blades
  1024 | D:2      | Reached skill level 1 in Axes
  1024 | D:2      | Reached skill level 1 in Maces & Flails
  1024 | D:2      | Reached skill level 1 in Polearms
  1024 | D:2      | Reached skill level 1 in Staves
  1024 | D:2      | Reached skill level 1 in Ranged Weapons
  1024 | D:2      | Reached skill level 1 in Throwing
  1024 | D:2      | Reached skill level 1 in Armour
  1024 | D:2      | Reached skill level 1 in Stealth
  1024 | D:2      | Reached skill level 1 in Shields
  1598 | D:2      | Learned a level 2 spell: Call Imp
  1631 | D:3      | Noticed Terence
  1635 | D:3      | Reached XP level 4. HP: 30/34 MP: 13/13
  1651 | D:3      | Killed Terence
  1652 | D:3      | Reached skill level 1 in Conjurations
  1652 | D:3      | Reached skill level 1 in Hexes
  1652 | D:3      | Reached skill level 1 in Summonings
  1652 | D:3      | Reached skill level 1 in Necromancy
  1652 | D:3      | Reached skill level 1 in Translocations
  1652 | D:3      | Reached skill level 1 in Transmutations
  1652 | D:3      | Reached skill level 1 in Fire Magic
  1652 | D:3      | Reached skill level 1 in Ice Magic
  1652 | D:3      | Reached skill level 1 in Air Magic
  1652 | D:3      | Reached skill level 1 in Earth Magic
  1652 | D:3      | Reached skill level 1 in Poison Magic
  1760 | D:3      | You fall into a shaft and drop 2 floors!
  1760 | D:5      | Entered Level 5 of the Dungeon
  1794 | D:5      | Identified the ring of Benevolence {Ice rPois Str+2 Int-4
                  | Dex+3}
  1880 | D:5      | Reached XP level 5. HP: 36/40 MP: 12/14
  2116 | D:4      | Noticed a water moccasin
  2130 | D:4      | Killed a water moccasin
  2131 | D:4      | Reached XP level 6. HP: 22/47 MP: 16/16
  2132 | D:4      | Reached skill level 5 in Unarmed Combat
  2149 | D:4      | Noticed Natasha
  2162 | D:4      | Killed Natasha
  2173 | D:4      | Found a transporter.
  2194 | D:4      | Noticed Natasha
  2202 | D:4      | Slain by Natasha

Illustrated notes

Levels and vault maps discovered:
D:1:      ebering_trefoil_twist, layout_rooms, minmay_tromino_mix6
D:2:      layout_loops_ring, nicolae_underground_beach
D:3:      layout_loops_ring, shapermc_ecumenical_altar_mp_vishouse,
          hangedman_glass_teeth, nicolae_hexahallways, uniq_terence
D:4:      gammafunk_steamed_eel, layout_loops_ring, nicolae_ossuary_entry_ruins,
          minmay_crossroads, uniq_natasha, uniq_ijyb, uniq_blork_the_orc
D:5:      layout_cave_pools, lemuel_round_altar, kennysheep_generic_room_5

Skill      XL: |  1  2  3  4  5  6 |
---------------+-------------------+-----
Short Blades   | 1 2 |  2.1
Long Blades    | 1 2 |  2.1
Axes           | 1 2 |  2.1
Maces & Flails | 1 2 |  2.1
Polearms       | 1 2 |  2.1
Staves         | 1 2 |  2.1
Ranged Weapons | 1 2 |  2.1
Throwing       | 1 2 |  2.1
Armour         | 1 2 |  2.1
Stealth        | 1 2 |  2.1
Shields        | 1 2 |  2.1
Conjurations   | 1 |  1.7
Hexes          | 1 |  1.7
Summonings     | 1 |  1.7
Necromancy     | 1 |  1.7
Translocations | 1 |  1.7
Transmutations | 1 |  1.7
Fire Magic     | 1 |  1.7
Ice Magic      | 1 |  1.7
Air Magic      | 1 |  1.7
Earth Magic    | 1 |  1.7
Poison Magic   | 1 |  1.7
Invocations    | 3 |  3.5
Fighting       | 3 |  3.4
Dodging        | 3 |  3.4
Evocations     | 3 |  3.4
Unarmed Combat | 5 |  5.1
Spellcasting   | |  7.5

Action                   |  1- 3 |  4- 6 || total
-------------------------+-------+-------++-------
Melee: Club              |    14 |       ||    14
       Short sword       |    95 |    75 ||   170
       Bite              |     7 |     7 ||    14
       Punch             |     4 |     2 ||     6
 Cast: Call Imp          |       |     3 ||     3
  Use: Scroll            |       |     8 ||     8
       Potion            |       |     2 ||     2
 Stab: Invisible         |       |     2 ||     2
Armor: Leather armour    |    37 |     8 ||    45
Dodge: Dodged            |    63 |    47 ||   110

Table legend: (Time is in decaauts)
 A = Elapsed time spent in this place.
 B = Non-inter-level travel time spent in this place.
 C = Inter-level travel time spent in this place.
 D = Time resting spent in this place.
 E = Time spent auto-exploring this place.
 F = Levels seen in this place.
 G = Mean time per level.
                   A        B        C        D        E       F      G
               +--------+--------+--------+--------+--------+-----+--------+
         Total |   2195 |   2100 |     95 |    238 |   1374 |   5 |  439.0 |
       Dungeon |   2195 |   2100 |     95 |    238 |   1374 |   5 |  439.0 |
               +--------+--------+--------+--------+--------+-----+--------+

Top non-repeatable levels by time:
     D:2: 1080 daAuts
     D:1: 523 daAuts
     D:5: 285 daAuts
     D:3: 156 daAuts
     D:4: 149 daAuts
